 Dungeon Crawl Stone Soup version 0.30-a0-360-g447f08457e (webtiles) character file.

Game seed: 9335770126605191864

58 freelancePsychic the Trooper (level 3, -2/31 HPs)
             Began as a Minotaur Ice Elementalist on Nov 14, 2022.
             Slain by an orc wizard
             ... wielding a staff of earth
              (4 damage)
             ... on level 3 of the Dungeon.
             The game lasted 00:02:17 (1502 turns).

freelancePsychic the Trooper (MiIE)                 Turns: 1502, Time: 00:02:18

Health: -2/31      AC:  6    Str: 14    XL:     3   Next: 75%
Magic:  4/4        EV:  9    Int: 12    God:
Gold:   83         SH:  0    Dex: 10    Spells: 3/4 levels left

rFire   . . .      SeeInvis .    g - +1 dagger (speed)
rCold   . . .      Faith    .    (no shield)
rNeg    . . .      Spirit   .    j - +0 scale mail
rPois   .          Reflect  .    (helmet restricted)
rElec   .          Harm     .    (no cloak)
rCorr   .          Rampage  .    (no gloves)
Will    +....                    (no boots)
Stlth   ..........               (no amulet)
HPRegen 0.25/turn                l - ring of willpower
MPRegen 0.09/turn                (no ring)

@: no status effects
A: horns 2, retaliatory headbutt
a: no special abilities


You were on level 3 of the Dungeon.
You visited 1 branch of the dungeon, and saw 3 of its levels.

You collected 83 gold pieces.

Inventory:

Hand Weapons
 g - a +1 dagger of speed (weapon)
Missiles
 n - 3 poisoned darts
Armour
 a - a +0 robe
 j - a +0 scale mail (worn)
Jewellery
 l - a ring of willpower (left hand)
 m - a +6 ring of intelligence
Scrolls
 c - a scroll of fear
 e - a scroll of butterflies
 f - a scroll of summoning
 h - 2 scrolls of teleportation {@r4}
 k - a scroll of magic mapping
Potions
 b - a potion of magic
 i - 2 potions of cancellation {unknown}


   Skills:
 + Level 3.4 Fighting
 + Level 2.1 Armour
 - Level 2.1 Dodging
 - Level 1.5 Stealth
 - Level 1.3 Spellcasting
 - Level 2.9 Ice Magic


You had 3 spell levels left.
You knew the following spells:

 Your Spells              Type           Power      Damage    Failure   Level
a - Freeze                Ice            28%        1d5       36%         1

Your spell library contained the following spells:

 Spells                   Type           Power      Damage    Failure   Level
 Frozen Ramparts          Ice            14%        1d3       73%         3
 Ozocubu's Armour         Ice            7%         N/A       73%         3
 Summon Ice Beast         Ice/Summ       4%         N/A       100%        4


Dungeon Overview and Level Annotations

Branches:
Dungeon (3/15)

Altars:


Innate Abilities, Weirdness & Mutations

You have a pair of horns on your head.
You reflexively headbutt those who attack you in melee.


Message History

No target in view!
No target in view!
Something hits you.
Deactivating autopickup; reactivate with Ctrl-A.
Things that are here:
a +0 whip; a +0 scale mail; an orc corpse Something hits you but does no damage.
Something hits you.
A quokka comes into view.
Something hits you but does no damage. Something hits you.
Things that are here:
a +0 whip; a +0 scale mail; an orc corpse
Items here: $ )) [ †.
You hit something but do no damage. Something hits you.
You hit something but do no damage. You closely miss something.
Something hits you but does no damage.
You hit something. Your headbutt misses something. Something hits you.
You closely miss something. You hit something but do no damage.
You headbutt something!
You hear some strange, mumbled words.
A magic dart appears from out of thin air!
The magic dart hits you.
You miss something. Your headbutt misses something.
Something hits you but does no damage.
You miss something. Your headbutt misses something.
You hit something but do no damage.
You hear some strange, mumbled words.
A puff of flame appears from out of thin air!
The puff of flame hits you.
You closely miss something.
You hear some strange, mumbled words.
A magic dart appears from out of thin air!
The magic dart hits you!
* * * LOW HITPOINT WARNING * * *
You closely miss something. You hit something. Your headbutt misses something.
Something hits you.
* * * LOW HITPOINT WARNING * * *
You miss something. Your headbutt misses something. Something hits you.
You die...

#...#
#.###..##.# .
#...# #.#
#.......
#.####...####.#
#.###.##
#.......(.....#
#.# .#
..............#
#.. ..
#.............#
#..
#.####.))######
#.. . #.{<#
.... #.@.#
#...# #...#
....## ##....
#.### .. #..


There were no monsters in sight!

Vanquished Creatures
  3 adders
  4 orcs (D:3)
  3 bats (D:2)
  2 endoplasms
  3 giant cockroaches (D:1)
  3 goblins (D:1)
  3 hobgoblins
  A kobold (D:3)
  2 ball pythons
  A rat (D:1)
25 creatures vanquished.

Notes
Turn   | Place    | Note
-------+----------+-------------------------------------------
     0 | D:1      | freelancePsychic the Minotaur Ice Elementalist began the
                  | quest for the Orb.
     0 | D:1      | Reached XP level 1. HP: 14/14 MP: 1/1
   122 | D:1      | Reached skill level 1 in Fighting
   248 | D:1      | Reached skill level 2 in Fighting
   403 | D:1      | Reached XP level 2. HP: 24/24 MP: 3/3
  1118 | D:2      | Reached skill level 1 in Armour
  1233 | D:2      | Reached XP level 3. HP: 30/30 MP: 4/4
  1404 | D:3      | Reached skill level 3 in Fighting
  1502 | D:3      | Slain by an orc wizard

Illustrated notes

Levels and vault maps discovered:
D:1:      dpeg_arrival_renting, layout_loops_ring
D:2:      layout_loops_ring, chequers_serial_rivers_marsh, hex_large,
          glass_columns_a
D:3:      layout_loops_cross, serial_shops, nicolae_shop_advertising_works
          [nicolae_subvault_shop_adworks], nicolae_figureground_sparkle

Skill      XL: |  1  2  3 |
---------------+----------+-----
Fighting       | 2 3 |  3.4
Armour         | 1 2 |  2.1
Dodging        | |  2.1
Stealth        | |  1.5
Spellcasting   | |  1.3
Ice Magic      | |  2.9

Action                   || total
-------------------------++-------
Melee: Unarmed           ||     6
       Dagger            ||    63
       Headbutt          ||    10
 Cast: Freeze            ||     3
  Use: Scroll            ||     5
 Stab: Sleeping          ||     2
Armor: Robe              ||     3
       Scale mail        ||    24
Dodge: Dodged            ||    26

Table legend: (Time is in decaauts)
 A = Elapsed time spent in this place.
 B = Non-inter-level travel time spent in this place.
 C = Inter-level travel time spent in this place.
 D = Time resting spent in this place.
 E = Time spent auto-exploring this place.
 F = Levels seen in this place.
 G = Mean time per level.
                   A        B        C        D        E       F      G
               +--------+--------+--------+--------+--------+-----+--------+
         Total |   1484 |   1410 |     74 |      6 |   1202 |   3 |  494.7 |
       Dungeon |   1484 |   1410 |     74 |      6 |   1202 |   3 |  494.7 |
               +--------+--------+--------+--------+--------+-----+--------+

Top non-repeatable levels by time:
     D:1: 835 daAuts
     D:2: 557 daAuts
     D:3: 91 daAuts
